 Dungeon Crawl Stone Soup version 0.29.1-2-gbd0b4ee654 (webtiles) character file.

Game seed: 2538317588772142607

339 tevo3000 the Ruffian (level 6, -2/37 HPs)
             Began as a Gargoyle Monk on Nov 28, 2022.
             Slain by Duvessa
             ... wielding a +0 short sword
              (7 damage)
             ... on level 4 of the Dungeon.
             The game lasted 00:13:12 (3611 turns).

tevo3000 the Ruffian (Gargoyle Monk)                Turns: 3611, Time: 00:13:12

Health: -2/37      AC: 13    Str: 20 (22) XL:     6   Next: 55%
Magic:  6/6        EV:  8    Int:  8 (11) God:
Gold:   106        SH:  0    Dex: 18      Spells: 5/5 levels left

rFire   . . .      SeeInvis .     - Unarmed
rCold   . . .      Faith    .   (no shield)
rNeg    + . .      Spirit   .   l - +0 chain mail
rPois   ∞          Reflect  .   (no helmet)
rElec   +          Harm     .   (no cloak)
rCorr   .          Rampage  .   (no gloves)
Will    .....                   (no boots)
Stlth   ..........              (no amulet)
HPRegen 0.12/turn               r - +6 ring of strength
MPRegen 0.10/turn               g - +6 ring of dexterity

@: silenced, attractive
A: sickness immunity, AC +4, negative energy resistance 1, electricity
resistance, torment resistance 1, petrification resistance, hooves 1,
deterioration 1, high MP 1
a: no special abilities


You were on level 4 of the Dungeon.
You visited 1 branch of the dungeon, and saw 4 of its levels.

You collected 106 gold pieces.

Inventory:

Armour
 a - a +0 robe
 h - a +0 ring mail
 l - a +0 chain mail (worn)
Jewellery
 c - a ring of fire
 f - a ring of willpower
 g - a +6 ring of dexterity (right hand)
 i - a ring of see invisible
 o - a ring of resist corrosion
 r - a +6 ring of strength (left hand)
Wands
 b - a wand of flame (14)
Scrolls
 s - a scroll of magic mapping


   Skills:
 - Level 3.2 Fighting
 + Level 3.8 Armour
 - Level 2.4 Dodging
 - Level 2.1 Stealth
 * Level 6.1 Unarmed Combat


You had 5 spell levels left.
You didn't know any spells.
Your spell library contained the following spells:

 Spells                   Type           Power      Damage    Failure   Level
 Foxfire                  Conj/Fire      0%         2x1d4     99%         1
 Necrotise                Necr           0%         1d4       99%         1
 Shock                    Conj/Air       0%         1d3       99%         1
 Passwall                 Tmut/Erth      0%         N/A       100%        2
 Wereblood                Tmut           0%         N/A       100%        2
 Vampiric Draining        Necr           0%         2d6       100%        3
 Agony                    Necr           0%         N/A       100%        5
 Summon Hydra             Summ           0%         N/A       100%        7
 Sublimation of Blood     Necr           Unusable   N/A       N/A         2

Dungeon Overview and Level Annotations

Branches:
Dungeon (4/15)
 Temple: D:4-7

Altars:
Uskayaw

Shops:
D:4 :

Annotations:
D:3 3 runed translucent doors, silentkaos13's ghost, weakling DsWn
D:4 Dowan; Duvessa


Innate Abilities, Weirdness & Mutations

You are immune to sickness and miasma.
Your stone body is resilient. (AC +4)
You are immune to poison.
You resist negative energy. (rN+)
You are resistant to electric shocks. (rElec)
You are resistant to unholy torment.
You are immune to petrification.
You have large cloven feet.
Your body sometimes deteriorates upon taking damage.
You have an increased reservoir of magic. (+10% MP)


Message History

You feel your dexterity returning. Dowan casts a spell at you.
The puff of flame hits you!
Dowan casts a spell at Duvessa.
Duvessa seems to speed up.
Duvessa gestures with her weapon.
Duvessa hits you but does no damage. Duvessa attacks as you move away!
Duvessa hits you with a +0 short sword.
You hit Duvessa but do no damage. You kick Duvessa, but do no damage.
Duvessa hits you with a +0 short sword.
You closely miss Duvessa. Duvessa hits you but does no damage.
Duvessa hits you with a +0 short sword.
Your body deteriorates!
You feel dopey.
It was a potion of attraction.
You feel attractive to monsters. Duvessa hits you with a +0 short sword.
* * * LOW HITPOINT WARNING * * *
Your body deteriorates!
You feel weakened.
As you read the scroll labelled EREGYZ VIHAIRGH, it crumbles to dust.
It is a scroll of enchant weapon.
You aren't carrying any weapons that can be enchanted.
Duvessa barely misses you. Duvessa hits you but does no damage.
Dowan is attracted toward you. Duvessa attacks as you move away!
Duvessa hits you but does no damage. Dowan is attracted toward you.
As you read the scroll labelled LUNE TANOIL, it crumbles to dust.
It is a scroll of identify.
s - a scroll of magic mapping Duvessa hits you with a +0 short sword.
* * * LOW HITPOINT WARNING * * *
Duvessa closely misses you.
As you read the scroll labelled AGUTOY JATU, it crumbles to dust.
A profound silence engulfs you.
It was a scroll of silence.
Duvessa hits you but does no damage. Duvessa hits you but does no damage.
Dowan is attracted toward you. Duvessa hits you but does no damage.
Dowan is attracted toward you. Duvessa attacks as you move away!
Duvessa hits you with a +0 short sword!
You die...

#################
#...§.§ee@.......
#.###############
#.##########
########...........
...................
..######...........
..######e..........
......##...........
......##......####


You could see Duvessa (fast) and Dowan.

Vanquished Creatures
  An ogre (D:4)
  A necrophage (D:4)
  2 orc wizards (D:4)
  Crazy Yiuf (D:3)
  Natasha (D:2)
  An adder (D:3)
  An ufetubus (D:4)
  4 worms
  2 dart slugs (D:2)
  5 orcs (D:4)
  2 ball pythons
  4 endoplasms
  2 giant cockroaches (D:1)
  7 goblins
  2 hobgoblins
  2 quokkas (D:3)
  7 bats
  4 frilled lizards
  7 kobolds
  2 rats
  A bush (D:3)
59 creatures vanquished.

Notes
Turn   | Place    | Note
-------+----------+-------------------------------------------
     0 | D:1      | tevo3000 the Gargoyle Monk began the quest for the Orb.
     0 | D:1      | Reached XP level 1. HP: 14/14 MP: 1/1
   234 | D:1      | You fall into a shaft and drop 1 floor!
   481 | D:1      | Reached XP level 2. HP: 17/19 MP: 2/2
   772 | D:1      | Reached skill level 1 in Armour
   958 | D:2      | Found a faded altar of an unknown god.
  1220 | D:2      | Reached XP level 3. HP: 19/23 MP: 3/3
  1407 | D:2      | Got the Vellum of Outbursts and the Geologist
  1410 | D:2      | Noticed Natasha
  1427 | D:2      | HP: 1/23 [crimson imp[Natasha] (2)]
  1430 | D:2      | Killed Natasha
  1431 | D:2      | Reached skill level 4 in Unarmed Combat
  1589 | D:2      | Found a hide-covered altar of Uskayaw.
  1788 | D:3      | Reached XP level 4. HP: 24/28 MP: 4/4
  1847 | D:3      | Found a runed translucent gate.
  1847 | D:3      | Found a runed translucent gate.
  1847 | D:3      | Found a runed translucent gate.
  1870 | D:3      | Noticed silentkaos13's ghost (weakling DsWn)
  2985 | D:3      | Found a runed translucent door.
  2986 | D:3      | Noticed Crazy Yiuf
  2989 | D:3      | Gained mutation: You are frail. (-10% HP) [potion of
                  | mutation]
  2989 | D:3      | Gained mutation: You have a pair of small antennae on your
                  | head. [potion of mutation]
  2989 | D:3      | Gained mutation: Your body sometimes deteriorates upon
                  | taking damage. [potion of mutation]
  2991 | D:3      | Lost mutation: You are frail. (-10% HP) [potion of
                  | mutation]
  2991 | D:3      | Lost mutation: You have a pair of small antennae on your
                  | head. [potion of mutation]
  2991 | D:3      | Gained mutation: You have an increased reservoir of magic.
                  | (+10% MP) [potion of mutation]
  2991 | D:3      | Gained mutation: You have large cloven feet. [potion of
                  | mutation]
  3001 | D:3      | Killed Crazy Yiuf
  3002 | D:3      | Reached XP level 5. HP: 22/32 MP: 5/5
  3069 | D:4      | Noticed an ogre
  3069 | D:4      | Noticed a black bear
  3069 | D:4      | Found Zylum's Book Boutique.
  3418 | D:4      | Noticed Dowan
  3418 | D:4      | Noticed Duvessa
  3432 | D:4      | Reached skill level 5 in Unarmed Combat
  3461 | D:4      | Killed an ogre
  3462 | D:4      | Reached XP level 6. HP: 20/37 MP: 6/6
  3533 | D:4      | Reached skill level 6 in Unarmed Combat
  3611 | D:4      | Slain by Duvessa

Illustrated notes

Levels and vault maps discovered:
D:1:      onia_arrival_mini_maze, layout_basic, st_stairs_7, nrook_loot_triangle
D:2:      layout_basic, basic_altar, hellmonk_ecumenical_altar_arch_garden,
          uniq_natasha
D:3:      layout_loops_ring, gammafunk_ghost_icy, uniq_crazy_yiuf_cottage
D:4:      layout_basic, serial_shops, nicolae_stop_n_shop_2,
          nicolae_shop_dragon_depot, corexii_corridor_pit, uniq_robin,
          uniq_duvessa

Skill      XL: |  1  2  3  4  5  6 |
---------------+-------------------+-----
Armour         | 1 2 3 |  3.8
Unarmed Combat | 4 5 6 |  6.1
Fighting       | |  3.2
Dodging        | |  2.4
Stealth        | |  2.1

Action                   |  1- 3 |  4- 6 || total
-------------------------+-------+-------++-------
Melee: Unarmed           |   102 |   206 ||   308
       Punch             |     2 |    12 ||    14
       Kick              |       |    21 ||    21
  Use: Potion            |     2 |    11 ||    13
       Scroll            |       |     7 ||     7
 Stab: Sleeping          |     1 |       ||     1
Armor: Ring mail         |    13 |       ||    13
       Robe              |     6 |       ||     6
       Chain mail        |    40 |   102 ||   142
Dodge: Dodged            |    48 |    58 ||   106
